 Dungeon Crawl Stone Soup version 0.22-a0-49-g614aadd (webtiles) character file.

5795 galech the Grappler (level 10, -11/96 HPs)
             Began as a Troll Monk on Jan 8, 2018.
             Was a High Priest of Okawaru.
             Mangled by a gnoll sergeant
             ... wielding a +0 glaive
              (16 damage)
             ... in a bailey.
             The game lasted 00:11:39 (6669 turns).

galech the Grappler (Troll Monk)                    Turns: 6669, Time: 00:11:40

Health: -11/96     AC:  6    Str: 24    XL:     10   Next: 50%
Magic:  9/9        EV: 12    Int:  6    God:    Okawaru [*****.]
Gold:   385        SH:  0    Dex: 12    Spells: 9/9 levels left

rFire    . . .     SeeInvis .     - Unarmed
rCold    . . .     Gourm    +   (no shield)
rNeg     . . .     Faith    .   a - +0 robe
rPois    .         Spirit   .   A - +1 hat
rElec    .         Reflect  .   B - scarf {cloud immunity}
rCorr    .         Harm     .   (gloves unavailable)
MR       .....                  (boots unavailable)
Stlth    ++........             e - amulet of rage
HPRegen  0.66/turn              (no ring)
MPRegen  0.11/turn              (no ring)

@: no status effects
A: large, unfitting armour, claws 3, fast metabolism 3, gourmand, regeneration
1, shaggy fur 1, tough skin 2
a: Heroism, Finesse, Renounce Religion, Evoke Berserk Rage


You were in a bailey.
You worshipped Okawaru.
Okawaru was extremely pleased with you.
You were very full.

You visited 1 branch of the dungeon, and saw 9 of its levels.
You also visited: Bailey.

You collected 385 gold pieces.

Inventory:

Armour
 a - a +0 robe (worn)
 A - a +1 hat (worn)
 B - a scarf of cloud immunity (worn)
Jewellery
 e - an amulet of rage (around neck)
 t - an uncursed ring of ice
Wands
 z - a wand of paralysis (21)
 E - a wand of flame (13)
 F - a wand of iceblast (15)
Scrolls
 c - a scroll of enchant armour {unknown}
 d - 7 scrolls of identify {unknown}
 j - 2 scrolls of remove curse
 k - 2 scrolls of magic mapping {unknown}
 l - a scroll of fog {unknown}
 m - 4 scrolls of teleportation
 o - a scroll of immolation {unknown}
 p - 3 scrolls of noise {unknown}
 q - 2 scrolls of fear {unknown}
 u - a scroll of random uselessness {unknown}
 w - 2 scrolls of amnesia {unknown}
Potions
 f - a potion of invisibility {unknown}
 g - 2 potions of heal wounds {unknown}
 h - a potion of berserk rage {unknown}
 i - 4 potions of curing {unknown}
 n - a potion of mutation {unknown}
 r - 3 potions of flight {unknown}
 s - 2 potions of lignification {unknown}
 v - a potion of brilliance {unknown}
 x - a potion of degeneration {unknown}
 C - a potion of might {unknown}
 D - a potion of cancellation {unknown}
Books
 y - a book of Necromancy

   Spells                             Type                      Level
   a - Pain                           Necromancy                   1
   b - Animate Skeleton               Necromancy                   1
   c - Vampiric Draining              Necromancy                   3
   d - Regeneration                   Charms/Necromancy            3
   e - Animate Dead                   Necromancy                   4
   f - Borgnjor's Vile Clutch         Necromancy/Earth             5
Comestibles
 b - 19 rations
 G - 10 chunks of flesh


   Skills:
 + Level 5.1 Fighting
 + Level 6.2 Dodging
 + Level 3.3 Stealth
 + Level 12.2 Unarmed Combat
 + Level 0.1 Invocations


You had 9 spell levels left.
You didn't know any spells.

Dungeon Overview and Level Annotations

Branches:
Dungeon (9/15)             Temple (0/1) D:6
   Lair: D:8-11         Orc: D:9-12

Altars:
Ashenzari
Fedhas
Gozag
Hepliaklqana
Kikubaaqudgha
Makhleb
Okawaru
Qazlal
Zin


Innate Abilities, Weirdness & Mutations

You are too large for most types of armour.
You have claws for hands.
Your metabolism is lightning-fast.
You like to eat raw meat.
Your natural rate of healing is unusually fast.
You are covered in fur. (AC +1)
You have very tough skin. (AC +2)


Message History

The gnoll shaman calls upon its god to speed up the gnoll sergeant.
The gnoll sergeant seems to speed up.
The gnoll sergeant hits you with a glaive!
You closely miss the gnoll sergeant.
The gnoll sergeant is almost dead.
The gnoll sergeant hits you from afar with a glaive!
* * * LOW HITPOINT WARNING * * *
The gnoll sergeant closely misses you.
You scratch the gnoll sergeant.
You kill the gnoll sergeant!
Okawaru accepts your kill.
The gnoll sergeant hits you from afar with a glaive!
* * * LOW HITPOINT WARNING * * *
The gnoll sergeant completely misses you.
The gnoll shaman hits you from afar with a trident!
* * * LOW HITPOINT WARNING * * *
Things that are here:
a glaive; a crystal plate armour; 17 gold pieces The gnoll sergeant hits you from afar with a glaive!
You die...

#...# ##)## ♣≈ #...#
♣≈# #.g.# ♣ ♣≈. #.g.#
≈♣
♣≈.######'gg######.≈♣
♣≈........g........≈♣
♣≈≈.......).......≈≈♣
♣≈≈≈≈≈≈≈.@.≈≈≈≈≈≈≈♣
♣...............♣
♣♣♣...........♣♣♣
♣♣♣♣..)....♣♣
♣♣.).♣♣♣♣ ♣♣)♣♣ ♣.♣
♣∩♣ ###


You could see a gnoll sergeant, a gnoll shaman and 3 gnolls.

Vanquished Creatures
  3 two-headed ogres (D:8)
  Pikel (D:8)
  Psyche (D:8)
  A wyvern (D:8)
  3 orc warriors
  4 ice beasts
  A slave (D:8)
  A black bear (D:7)
  A sky beast (D:6)
  2 phantoms
  4 ogres
  A centaur (D:7)
  A crocodile (D:7)
  3 bullfrogs
  A gnoll sergeant (Bailey)
  A wyvern skeleton (D:6)
  2 scorpions
  The ghost of Kidiri the Skirmisher, a weakling MiFi (D:3)
  A howler monkey (D:5)
  2 crimson imps
  3 bullfrog skeletons
  5 hounds
  A jelly (D:7)
  4 orc priests
  4 orc wizards
  An iguana (D:6)
  7 worker ants
  2 hound skeletons
  A worker ant zombie (D:7)
  4 gnolls (Bailey)
  8 adders
  A shadow imp (D:7)
  An ooze (D:2)
  2 worms
  An adder skeleton (D:6)
  2 dart slugs
  6 leopard geckos
  25 orcs
  8 giant cockroaches
  6 goblins
  7 hobgoblins
  8 jackals
  8 kobolds
  3 quokkas
  A ball python (D:3)
  5 bats
  4 frilled lizards
  A leopard gecko skeleton (D:7)
  2 quokka skeletons (D:4)
  11 rats
177 creatures vanquished.

Vanquished Creatures (others)
  2 slaves (D:8)
  A centaur skeleton (D:8)
  An orc wizard (D:8)
  An adder skeleton (D:8)
5 creatures vanquished.

Grand Total: 182 creatures vanquished

Notes
Turn   | Place    | Note
-------+----------+-------------------------------------------
     0 | D:1      | galech the Troll Monk began the quest for the Orb.
     0 | D:1      | Reached XP level 1. HP: 22/22 MP: 0/0
   162 | D:1      | Reached XP level 2. HP: 29/29 MP: 1/1
   940 | D:2      | Reached XP level 3. HP: 27/36 MP: 2/2
   968 | D:2      | Found an iron altar of Okawaru.
   990 | D:2      | Became a worshipper of Warmaster Okawaru
   990 | D:2      | Reached * piety under Okawaru
   990 | D:2      | Reached ** piety under Okawaru
  1045 | D:2      | Found a hazy altar of Hepliaklqana.
  1221 | D:2      | Reached XP level 4. HP: 42/44 MP: 3/3
  1269 | D:2      | Reached skill level 4 in Unarmed Combat
  1556 | D:3      | Found a burning altar of Makhleb.
  1808 | D:3      | Noticed Kidiri's ghost (weakling MiFi)
  1819 | D:3      | Killed Kidiri's ghost
  1819 | D:3      | Reached XP level 5. HP: 29/52 MP: 4/4
  2536 | D:4      | Noticed a phantom
  2556 | D:4      | Killed a phantom
  2556 | D:4      | Reached skill level 5 in Unarmed Combat
  2736 | D:4      | Reached XP level 6. HP: 46/61 MP: 5/5
  2952 | D:4      | Found a shattered altar of Ashenzari.
  3154 | D:4      | Noticed an air elemental
  3156 | D:4      | Found a stormy altar of Qazlal.
  3158 | D:4      | Noticed a fire elemental
  3164 | D:4      | Noticed a water elemental
  3319 | D:5      | Entered Level 5 of the Dungeon
  3431 | D:5      | Reached skill level 6 in Unarmed Combat
  3664 | D:5      | Noticed an ice beast
  3672 | D:5      | Killed an ice beast
  3672 | D:5      | Reached *** piety under Okawaru
  3672 | D:5      | Reached XP level 7. HP: 57/67 MP: 6/6
  4182 | D:6      | Found a staircase to the Ecumenical Temple.
  4189 | D:6      | Reached skill level 7 in Unarmed Combat
  4284 | D:5      | Reached XP level 8. HP: 53/78 MP: 7/7
  4350 | D:6      | Reached **** piety under Okawaru
  4350 | D:6      | Reached skill level 8 in Unarmed Combat
  4667 | D:6      | Found an ancient bone altar of Kikubaaqudgha.
  4872 | D:6      | Reached skill level 9 in Unarmed Combat
  5190 | D:7      | Reached skill level 5 in Dodging
  5190 | D:7      | Reached XP level 9. HP: 84/84 MP: 8/8
  5356 | D:7      | Reached ***** piety under Okawaru
  5520 | D:7      | Found a blossoming altar of Fedhas.
  5578 | D:7      | Reached skill level 10 in Unarmed Combat
  5716 | D:7      | Found an opulent altar of Gozag.
  5717 | D:7      | Found a glowing silver altar of Zin.
  6100 | D:8      | Noticed Pikel
  6104 | D:8      | Noticed a two-headed ogre
  6117 | D:8      | Killed Pikel
  6117 | D:8      | Received a gift from Okawaru
  6210 | D:8      | Killed a two-headed ogre
  6210 | D:8      | Reached skill level 11 in Unarmed Combat
  6284 | D:8      | Reached XP level 10. HP: 82/94 MP: 9/9
  6343 | D:8      | Noticed Psyche
  6343 | D:8      | Noticed a two-headed ogre
  6345 | D:8      | Noticed a two-headed ogre
  6352 | D:8      | Killed a two-headed ogre
  6359 | D:8      | Killed Psyche
  6359 | D:8      | Reached skill level 5 in Fighting
  6472 | D:8      | Killed a two-headed ogre
  6472 | D:8      | Reached skill level 12 in Unarmed Combat
  6564 | D:8      | Found a flagged portal.
  6572 | Bailey   | Entered a bailey
  6668 | Bailey   | HP: 4/96 [gnoll shaman/trident (11)]
  6669 | Bailey   | Mangled by a gnoll sergeant

Vault maps used:
D:1:      lemuel_arrival_rhombus
D:2:      okawaru_trees_1, overflow_temple_1_default
D:3:      old_standard_altar
D:4:      nicolae_qazlal_style_of_elements, nicolae_ashenzari_panopticon,
          first_ration, hangedman_decor_push
D:6:      kiku_gazebo_garden_becter, minmay_temple_entry_large_hall,
          kennysheep_generic_room_5
D:7:      grunt_temple_overflow_gold_and_silver, basic_altar
D:8:      overflow_temple_1_default, enter_bailey_2, special_room,
          david_nohive_1, uniq_psyche, uniq_pikel
D:9:      eat_drink_and_be_merry_uskayaw
Bailey:   bailey_polearm_gnolls_kennysheep, bailey

Skill      XL: |  1  2  3  4  5  6  7  8  9 10 |
---------------+-------------------------------+-----
Unarmed Combat | 4 5 6 7 9 11 12 | 12.2
Dodging        | 3 4 5 6 |  6.2
Fighting       | 3 4 5 |  5.1
Stealth        | 2 3 |  3.3
Invocations    | |  0.1

Action                   |  1- 3 |  4- 6 |  7- 9 | 10-12 || total
-------------------------+-------+-------+-------+-------++-------
Melee: Unarmed           |    82 |   144 |   259 |    38 ||   523
       Punch             |       |     2 |    11 |     3 ||    16
Invok: Heroism           |       |       |       |     2 ||     2
  Use: Scroll            |       |     2 |       |       ||     2
 Stab: Sleeping          |     5 |     2 |     3 |       ||    10
  Eat: Chunk             |    17 |    22 |    24 |     3 ||    66
Armor: Robe              |    31 |    28 |   102 |       ||   161
Dodge: Dodged            |    35 |    67 |   213 |    43 ||   358

Table legend:
 A = Spawn XP
 B = Non-spawn XP
 C = Spawn XP percentage of total XP
 D = Spawn monster count
 E = Non-spawn monster count
 F = Spawn count percentage of total count
 G = Total turns spent on level
                    A         B        C        D         E        F      G
               +---------+---------+-------+---------+---------+-------+---------
         Total |       0 |    8279 |   0.0 |       0 |     176 |   0.0 |  6669
               +---------+---------+-------+---------+---------+-------+---------
           D:1 |       0 |      31 |   0.0 |       0 |      20 |   0.0 |   835
           D:2 |       0 |      88 |   0.0 |       0 |      22 |   0.0 |   668
           D:3 |       0 |     107 |   0.0 |       0 |      21 |   0.0 |   996
           D:4 |       0 |     295 |   0.0 |       0 |      15 |   0.0 |   900
           D:5 |       0 |     709 |   0.0 |       0 |      24 |   0.0 |   976
           D:6 |       0 |    1319 |   0.0 |       0 |      34 |   0.0 |   696
           D:7 |       0 |    1215 |   0.0 |       0 |      23 |   0.0 |  1083
           D:8 |       0 |    4283 |   0.0 |       0 |       9 |   0.0 |   327
           D:9 |       0 |       3 |   0.0 |       0 |       1 |   0.0 |    91
        Bailey |       0 |     229 |   0.0 |       0 |       7 |   0.0 |    97
               +---------+---------+-------+---------+---------+-------+---------
